 Dungeon Crawl Stone Soup version 0.23-a0-356-g1757c6e (webtiles) character file.

126 MisterFreud the Sneak (level 4, -5/19 HPs)
             Began as a Felid Artificer on Oct 21, 2018.
             Killed from afar by an orc wizard (7 damage)
             ... with a puff of flame
             ... on level 3 of the Dungeon.
             The game lasted 00:08:04 (4287 turns).

MisterFreud the Sneak (Felid Artificer)             Turns: 4287, Time: 00:08:05

Health: -5/19      AC:  1    Str:  9    XL:     4   Next: 83%
Magic:  7/7        EV: 21    Int: 12    God:
Gold:   148        SH:  0    Dex: 16    Spells: 3/3 levels left
                                        Lives:  0   Deaths: 1

rFire    . . .     SeeInvis +     - Unarmed
rCold    . . .     Gourm    .   (shield unavailable)
rNeg     . . .     Faith    .   (armour unavailable)
rPois    +         Spirit   .   (helmet unavailable)
rElec    .         Reflect  .   (cloak unavailable)
rCorr    .         Harm     .   (gloves unavailable)
MR       .....                  (boots unavailable)
Stlth    ++++......             (no amulet)
HPRegen  0.06/turn              o - ring of poison resistance
MPRegen  0.10/turn              f - +3 ring of evasion

@: quick
A: very small, no armour, no weapons or thrown items, stealth, claws 1, fangs 3,
see invisible, carnivore, speed 1, shaggy fur 1, slow metabolism 1, sharp paws
a: no special abilities


You were on level 3 of the Dungeon.
You were not hungry.

You visited 1 branch of the dungeon, and saw 4 of its levels.

You collected 148 gold pieces.

Inventory:

Jewellery
 f - a +3 ring of evasion (right paw)
 o - a ring of poison resistance (left paw)
Wands
 a - a wand of flame (8)
 b - a wand of enslavement (12)
 c - a wand of random effects (15)
 p - a wand of paralysis (18)
Scrolls
 h - a scroll of immolation {unknown}
 i - 2 scrolls of enchant weapon {unknown}
 k - 2 scrolls of remove curse
Potions
 e - a potion of heal wounds
 g - a potion of magic
 j - 2 potions of flight
 l - a potion of haste
 m - a potion of agility
 n - a potion of curing {unknown}
Comestibles
 d - 5 rations


   Skills:
 - Level 1.0 Fighting
 - Level 2.6 Dodging
 - Level 6.0 Stealth
 + Level 3.1 Unarmed Combat
 - Level 3.2 Evocations


You had 3 spell levels left.
You didn't know any spells.
Your spell library was empty.

Dungeon Overview and Level Annotations

Branches:
Dungeon (4/15)
 Temple: D:4-7

Altars:
Ru
Sif Muna
Trog
Yredelemnul

Annotations:
D:3 2 transporters


Innate Abilities, Weirdness & Mutations

You cannot wear armour.
You are incapable of wielding weapons or throwing items.
Your paws allow you to move quietly. (Stealth)
You have sharp claws.
You have razor-sharp teeth.
You have supernaturally acute eyesight. (SInv)
You are carnivorous and can eat meat at any time.
You cover ground quickly.
You are covered in fur. (AC +1)
You have a slow metabolism.
Your sharp claws are effective at attacking unaware monsters.


Message History

The orc wizard points at you and mumbles some strange words.
The puff of flame hits you!
Ouch! That really hurt!
* * * LOW HITPOINT WARNING * * *
Evoke which item? (* to show all) (? for menu, Esc to quit)
Aiming: Throw Flame
Press: ? - help, Shift-Dir - straight line, f - orc wizard
Aim: an orc wizard, wielding a +3 dagger of venom and wearing a +0 robe The puff of flame hits the orc wizard.
The orc wizard is moderately wounded.
The orc wizard barely misses you.
Evoke which item? (* to show all) (? for menu, Esc to quit)
Aiming: Throw Flame
Press: ? - help, Shift-Dir - straight line, f/p - orc wizard
Aim: an orc wizard, wielding a +3 dagger of venom and wearing a +0 robe The puff of flame hits the orc wizard.
The orc wizard is almost dead.
The orc wizard casts a spell at you. The puff of flame hits you!
You die...

#...............#
#.#############.# #######.#
#.........#.# ........#
#.#######.#.# ...[...## #.#
#.#.# ######.#
##.#######.#.###### #.#
#.................#
#.###..######.###.###.#
###......##..@o.....# #.#
#...###...#.###.###.###.#
#...........###.##...##.#
####........©......#.....#.##
.......[#########........#..#
#####.#.#8P.©.P8#..#.....##.#
#.#.#P../..P#..##....##.#
#.#.####+####..###.#.##.#
#.#.#.≈...≈o#......#.##.#


You could see an orc wizard.

Vanquished Creatures
  A phantom (D:4)
  4 adders
  2 worms
  2 leopard geckos
  3 orcs (D:3)
  2 giant cockroaches (D:3)
  4 goblins
  A hobgoblin (D:2)
  2 quokkas
  4 bats
  3 frilled lizards (D:2)
  A jackal skeleton (D:4)
  7 kobolds
  9 rats
45 creatures vanquished.

Vanquished Creatures (collateral kills)
  A kobold (D:2)
1 creature vanquished.

Vanquished Creatures (others)
  A hobgoblin (D:3)
1 creature vanquished.

Grand Total: 47 creatures vanquished

Notes
Turn   | Place    | Note
-------+----------+-------------------------------------------
     0 | D:1      | MisterFreud the Felid Artificer began the quest for the
                  | Orb.
     0 | D:1      | Reached XP level 1. HP: 9/9 MP: 4/4
   243 | D:1      | Reached skill level 2 in Stealth
   704 | D:1      | Reached skill level 3 in Stealth
   704 | D:1      | Reached XP level 2. HP: 12/12 MP: 5/5
  1339 | D:2      | Found a basalt altar of Yredelemnul.
  1417 | D:2      | Reached skill level 4 in Stealth
  1613 | D:2      | Reached XP level 3. HP: 10/15 MP: 6/6
  2605 | D:3      | Found a deep blue altar of Sif Muna.
  2606 | D:3      | Found a sacrificial altar of Ru.
  2607 | D:3      | Found a bloodstained altar of Trog.
  2617 | D:3      | Reached skill level 5 in Stealth
  2636 | D:3      | Found a transporter.
  3012 | D:3      | Found a transporter.
  3308 | D:3      | Reached XP level 4. HP: 19/19 MP: 7/7
  3368 | D:3      | Reached skill level 6 in Stealth
  4060 | D:4      | Slain by a worm
  4061 | D:4      | Reached XP level 3. HP: 0/15 MP: 6/6
  4070 | D:4      | Noticed a phantom
  4079 | D:4      | Killed a phantom
  4079 | D:4      | Reached XP level 4. HP: 9/19 MP: 7/7
  4287 | D:3      | Killed from afar by an orc wizard

Vault maps used:
D:1:      grunt_arrival_lava_bath, serial_rivers,
          chequers_serial_rivers_large_a, chequers_serial_rivers_large_b,
          chequers_serial_rivers_micro_c, chequers_serial_rivers_small_b,
          chequers_serial_rivers_micro_a, chequers_serial_rivers_small_3,
          corexii_hall_statues_x, st_stairs_1, eino_curves_02
D:2:      nicolae_overflow_crystal_walls, minmay_close_crescents
D:3:      gammafunk_wand_slinger, chequers_temple_overflow_statue_of_worship,
          lemuel_old_faithful
D:4:      kennysheep_slug_shrine

Skill      XL: |  1  2  3  4 |
---------------+-------------+-----
Stealth        | 3 4 5 6 |  6.0
Unarmed Combat | 3 |  3.1
Fighting       | |  1.0
Dodging        | |  2.6
Evocations     | |  3.2

Action                   |  1- 3 |  4- 6 || total
-------------------------+-------+-------++-------
Melee: Unarmed           |   113 |    17 ||   130
       Bite              |    10 |       ||    10
       Punch             |     1 |       ||     1
Evoke: Wand              |     8 |     3 ||    11
  Use: Scroll            |     9 |     3 ||    12
 Stab: Sleeping          |    16 |     1 ||    17
       Paralysed         |     2 |       ||     2
  Eat: Chunk             |    11 |     1 ||    12
Armor: Skin              |     4 |       ||     4
Dodge: Dodged            |    83 |    16 ||    99

Table legend:
 A = Non-vault XP
 B = Vault XP
 C = Vault XP percentage of total XP
 D = Non-vault monster count
 E = Vault monster count
 F = Vault count percentage of total count
                 A         B        C        D         E       F
            +---------+---------+-------+---------+---------+-------
      Total |     239 |       9 |   3.6 |      40 |       6 |  13.0
            +---------+---------+-------+---------+---------+-------
        D:1 |      12 |       4 |  25.0 |       7 |       3 |  30.0
        D:2 |      36 |       5 |  12.2 |      16 |       3 |  15.8
        D:3 |      63 |       0 |   0.0 |      14 |       0 |   0.0
        D:4 |     128 |       0 |   0.0 |       3 |       0 |   0.0
            +---------+---------+-------+---------+---------+-------
